 Dungeon Crawl Stone Soup version 0.21.1-1-g345015fe64 (webtiles) character file.

21833 Peloso the Carver (level 12, -2/94 HPs)
             Began as a Demonspawn Fighter on May 13, 2018.
             Was a High Priest of Okawaru.
             Killed from afar by a deep elf knight (12 damage)
             ... with a shard of ice
             ... on level 9 of the Dungeon.
             The game lasted 00:35:54 (13099 turns).

Peloso the Carver (Demonspawn Fighter)             Turns: 13099, Time: 00:35:54

Health: -2/94      AC: 15    Str: 40    XL:     12   Next: 57%
Magic:  4/4        EV: 14    Int: 10    God:    Okawaru [*****.]
Gold:   784        SH: 17    Dex: 28    Spells: 11/11 levels left

rFire    + + .     SeeInvis .   P - +5 double sword of the Madman {antimagic, +Inv rF+ Str+3 Dex+4}
rCold    x . .     Gourm    .   c - +1 shield
rNeg     . . .     Faith    .   F - +0 chain mail of the Original Sin {rPois Str+4}
rPois    +         Spirit   .   (helmet unavailable)
rElec    .         Reflect  .   M - +0 cloak {rPois}
rCorr    .         Harm     .   R - +0 pair of gloves (curse)
MR       .....                  N - +0 pair of boots
Stlth    ..........             (no amulet)
HPRegen  0.25/turn              g - +5 ring of dexterity
MPRegen  0.09/turn              z - ring "Tytsew" {Fire Str+6 Dex+7 Slay-4}

@: mighty
A: horns 3, repulsion field 1, foul stench 1, powered by pain 2, rot immunity
a: Heroism, Finesse, Renounce Religion, Evoke Invisibility


You were on level 9 of the Dungeon.
You worshipped Okawaru.
Okawaru was extremely pleased with you.
You were very hungry.

You visited 2 branches of the dungeon, and saw 12 of its levels.
You also visited: Sewer and Bailey.

You collected 954 gold pieces.
You spent 170 gold pieces at shops.

Inventory:

Hand Weapons
 a - a +4 scimitar of flaming
 K - the +5 scythe "Finisher" {speed, Str+3}
   (You found it on level 7 of the Dungeon)

   Attacks with this weapon are significantly faster.
   It affects your strength (+3).
 P - the +5 double sword of the Madman (weapon) {antimagic, +Inv rF+ Str+3 Dex+4}
   (Okawaru gifted it to you on level 10 of the Dungeon)

   It reduces the magical energy of the wielder, and disrupts the spells and
   magical abilities of those hit.
   Natural abilities and divine invocations are not affected.
   It affects your strength (+3).
   It affects your dexterity (+4).
   It protects you from fire.
   It lets you turn invisible.
Missiles
 m - 133 bolts
Armour
 c - a +1 shield (worn)
 y - a +0 pair of gloves
 F - the +0 chain mail of the Original Sin (worn) {rPois Str+4}
   (You found it on level 9 of the Dungeon)

   It affects your strength (+4).
   It protects you from poison.
 M - a +0 cloak of poison resistance (worn)
 N - a +0 pair of boots (worn)
 R - a cursed +0 pair of gloves (worn)
 S - a scarf of resistance
Jewellery
 d - an uncursed ring of stealth
 g - a +5 ring of dexterity (left hand)
 h - an uncursed ring of wizardry
 z - the ring "Tytsew" (right hand) {Fire Str+6 Dex+7 Slay-4}
   (You found it on level 4 of the Dungeon)

   [ring of fire]

   It enhances your fire magic.
   It affects your strength (+6).
   It affects your dexterity (+7).
   It affects your accuracy and damage with ranged weapons and melee attacks
   (-4).
   It protects you from fire.
   It makes you vulnerable to cold.
 D - a +2 ring of protection
 E - an uncursed ring of magical power
 L - an uncursed ring of see invisible
 O - an uncursed ring of protection from magic
 V - an uncursed ring of ice
Wands
 l - a wand of random effects (65)
 r - a wand of iceblast (10)
 I - a wand of acid (7)
Scrolls
 j - 9 scrolls of teleportation
 p - 6 scrolls of magic mapping
 q - a scroll of enchant weapon
 s - 3 scrolls of fear
 x - 3 scrolls of amnesia
 C - 3 scrolls of blinking
 H - 3 scrolls of remove curse
 Q - 5 scrolls of identify
 T - 2 scrolls of enchant armour
 W - a scroll of fog
Potions
 b - 3 potions of haste
 e - 2 potions of heal wounds
 i - 2 potions of mutation
 k - 6 potions of agility
 n - 3 potions of brilliance
 o - 2 potions of invisibility
 t - 8 potions of curing
 w - 2 potions of flight {unknown}
 B - 2 potions of lignification {unknown}
 G - 3 potions of might
 J - a potion of degeneration {unknown}
 X - 2 potions of experience {unknown}
Books
 u - a book of Misfortune

   Spells                             Type                      Level
   a - Confusing Touch                Hexes                        1
   b - Confuse                        Hexes                        3
   c - Gell's Gravitas                Translocation                3
   d - Petrify                        Transmutation/Earth          4
   e - Metabolic Englaciation         Hexes/Ice                    5
   f - Yara's Violent Unravelling     Hexes/Transmutation          5
 v - a Necronomicon

   Spells                             Type                      Level
   a - Haunt                          Necromancy/Summoning         7
   b - Borgnjor's Revivification      Necromancy                   8
   c - Death's Door                   Charms/Necromancy            8
   d - Infestation                    Necromancy                   8
   e - Necromutation                  Transmutation/Necromancy     8
 U - a book of Minor Magic

   Spells                             Type                      Level
   a - Magic Dart                     Conjuration                  1
   b - Blink                          Translocation                2
   c - Call Imp                       Summoning                    2
   d - Slow                           Hexes                        2
   e - Conjure Flame                  Conjuration/Fire             3
   f - Mephitic Cloud                 Conjuration/Poison/Air       3
 Y - a book of Battle

   Spells                             Type                      Level
   a - Infusion                       Charms                       1
   b - Shroud of Golubria             Charms/Translocation         2
   c - Song of Slaying                Charms                       2
   d - Spectral Weapon                Hexes/Charms                 3
   e - Regeneration                   Charms/Necromancy            3
 Z - a book of Cantrips

   Spells                             Type                      Level
   a - Confusing Touch                Hexes                        1
   b - Animate Skeleton               Necromancy                   1
   c - Summon Small Mammal            Summoning                    1
   d - Apportation                    Translocation                1
Miscellaneous
 A - a crystal ball of energy
Comestibles
 f - 22 rations


   Skills:
 + Level 8.9 Fighting
 + Level 11.5 Long Blades
 + Level 9.1 Armour
 + Level 3.5 Dodging
 + Level 1.1 Stealth
 + Level 10.4 Shields
 + Level 0.8 Invocations


You had 11 spell levels left.
You didn't know any spells.

Dungeon Overview and Level Annotations

Branches:
Dungeon (11/15)            Temple (1/1) D:4            Lair (0/6) D:11
    Orc (0/2) D:9

Altars:
Ashenzari
Cheibriados
Elyvilon
Gozag
Kikubaaqudgha
Nemelex Xobeh
Okawaru
Qazlal
Sif Muna
Trog
Uskayaw
Vehumet
Wu Jian
Xom
Zin
The Shining One
Lugonu

Shops:
D:6 ?


Innate Abilities, Weirdness & Mutations

You have a pair of large horns on your head.
You are surrounded by a mild repulsion field. (EV +2)
You may emit foul miasma when damaged in melee.
You sometimes gain power by taking damage.
You are immune to rotting.


Message History

The fire dragon is almost dead.
The fire dragon breathes flames at you. The blast of flame hits you!
You resist.
* * * LOW HITPOINT WARNING * * *
You focus on the pain.
You feel very mighty all of a sudden.
You slash the fire dragon! You headbutt the fire dragon.
The fire dragon is almost dead.
You block the fire dragon's attack.
The fire dragon claws you but does no damage.
You block the fire dragon's attack.
You hear some strange, mumbled words.
Unknown command.
You slice the fire dragon!!
You kill the fire dragon!
Okawaru accepts your kill.
You hear some strange, mumbled words.
A shard of ice appears from out of thin air!
The shard of ice hits you!
You feel a painful chill!
You die...

..#####.#..........#..# #.....).
........#..........#..####.......
.(......############.............
.........######.}################
.........#...##[.}#..............
.........#.##.#c[:#..............
.........#.###{####........[.....
.....###.##.###.##...............
.....###.#...###@#...............
...........#..##.#.............##
.....#####...#...#^............##
.....#...#########...............
.....#...........................
.....#..........................<
.....#...##.####.....##.......##.
######...##.####.....#>.......###
#...#............................


You could see a yaktaur captain.

Vanquished Creatures
  An orc warlord (Bailey)
  A fire dragon (D:9)
  Snorg (D:11)
  Fannar (D:10)
  A hydra (D:9)
  A centaur warrior (D:9)
  Erica (D:8)
  5 two-headed ogres
  An unseen horror (D:8)
  A deep troll (D:9)
  An orc knight (Bailey)
  4 ugly things (D:8)
  Pikel (D:8)
  Maurice (D:8)
  A gargoyle (D:11)
  A freezing wraith (D:9)
  3 trolls
  Prince Ribbit (D:8)
  A hippogriff (D:10)
  Sigmund (D:3)
  4 wraiths (D:7)
  Grum (D:9)
  A wyvern (D:11)
  A hungry ghost (D:11)
  2 water moccasins (D:9)
  An ice beast (D:6)
  7 small abominations (D:8)
  7 ogres
  15 orc warriors
  4 phantoms
  3 wolves
  3 centaurs
  A big kobold (D:11)
  The ghost of Kuruc the Firebug, an amateur DEFE (D:3)
  6 bullfrogs
  A water moccasin zombie (D:7)
  A scorpion (D:6)
  3 howler monkeys
  5 wights (D:10)
  An electric eel (D:11)
  A centaur zombie (D:8)
  A crimson imp (D:3)
  A quasit (D:8)
  5 bullfrog zombies
  6 orc priests
  5 hounds
  5 jellies
  12 orc wizards
  4 iguanas
  7 worker ants
  A hound zombie (D:11)
  A hound skeleton (D:9)
  20 adders
  15 gnolls
  3 shadow imps
  8 river rats (Sewer)
  11 oozes
  An adder zombie (D:6)
  An adder skeleton (D:6)
  2 worms
  2 dart slugs
  4 leopard geckos
  51 orcs
  12 ball pythons
  9 giant cockroaches
  31 goblins
  24 hobgoblins
  18 jackals
  18 kobolds
  5 quokkas
  5 bats
  10 frilled lizards
  A quokka zombie (D:5)
  27 rats
  A plant (D:1)
425 creatures vanquished.

Vanquished Creatures (others)
  A slave (D:8)
  A jelly (D:8)
  A killer bee zombie (D:8)
  An adder (D:8)
  An adder skeleton (D:8)
  An orc (D:8)
  A giant cockroach (D:8)
  A fungus (D:2)
  6 toadstools (D:2)
14 creatures vanquished.

Grand Total: 439 creatures vanquished

Notes
Turn   | Place    | Note
-------+----------+-------------------------------------------
     0 | D:1      | Peloso the Demonspawn Fighter began the quest for the Orb.
     0 | D:1      | Reached XP level 1. HP: 18/18 MP: 1/1
   399 | D:1      | Gained mutation: You are immune to rotting. [demonic ancestry]
   399 | D:1      | Reached XP level 2. HP: 21/24 MP: 2/2
   422 | D:1      | Reached skill level 2 in Long Blades
  1043 | D:2      | Reached XP level 3. HP: 24/29 MP: 3/3
  1280 | D:2      | Gained mutation: You have a pair of small horns on your head. [demonic ancestry]
  1280 | D:2      | Reached XP level 4. HP: 14/35 MP: 4/4
  1723 | D:2      | Reached skill level 3 in Long Blades
  1823 | D:2      | Found a shimmering altar of Xom.
  1966 | D:2      | Reached skill level 1 in Dodging
  1966 | D:2      | Gained mutation: You may emit foul miasma when damaged in melee. [demonic ancestry]
  1966 | D:2      | Reached XP level 5. HP: 32/41 MP: 5/5
  2155 | D:3      | Noticed Kuruc's ghost (amateur DEFE)
  2160 | D:3      | Killed Kuruc's ghost
  2160 | D:3      | Reached XP level 6. HP: 47/47 MP: 6/6
  2195 | D:3      | Reached skill level 4 in Long Blades
  2399 | D:3      | Noticed Sigmund
  2403 | D:3      | Killed Sigmund
  2403 | D:3      | Gained mutation: You have a pair of horns on your head. [demonic ancestry]
  2403 | D:3      | Reached XP level 7. HP: 40/54 MP: 7/7
  2572 | D:3      | Found a bloodstained altar of Trog.
  2895 | D:3      | Reached skill level 5 in Long Blades
  3033 | D:4      | Got a bound glass ring
  3035 | D:4      | Identified the ring "Tytsew" {Fire Str+6 Dex+7 Slay-4} (You found it on level 4 of the Dungeon)
  3926 | D:4      | Found a staircase to the Ecumenical Temple.
  3937 | D:4      | Gained mutation: You sometimes gain a little power by taking damage. [demonic ancestry]
  3937 | D:4      | Reached XP level 8. HP: 54/61 MP: 8/8
  3944 | Temple   | Entered the Ecumenical Temple
  3986 | Temple   | Became a worshipper of Warmaster Okawaru
  4146 | D:5      | Entered Level 5 of the Dungeon
  4153 | D:5      | Reached skill level 6 in Long Blades
  4186 | D:5      | Found a glowing drain.
  4215 | Sewer    | Entered a sewer
  4869 | Sewer    | Reached skill level 5 in Shields
  5091 | D:5      | Found a white marble altar of Elyvilon.
  5192 | D:5      | Found a sparkling altar of Nemelex Xobeh.
  5198 | D:5      | Found a shattered altar of Ashenzari.
  5198 | D:5      | Found a glowing golden altar of the Shining One.
  5315 | D:5      | You fall through a shaft for 2 floors!
  5316 | D:7      | Noticed a troll
  5786 | D:6      | Reached * piety under Okawaru
  5786 | D:6      | Reached skill level 7 in Long Blades
  5803 | D:6      | Reached skill level 5 in Fighting
  5905 | D:6      | Found Afusoudiuck's Magic Scroll Shop.
  5912 | D:6      | Bought a scroll of remove curse for 33 gold pieces
  5912 | D:6      | Bought a scroll of blinking for 82 gold pieces
  5912 | D:6      | Bought a scroll of identify for 22 gold pieces
  5912 | D:6      | Bought a scroll of remove curse for 33 gold pieces
  5982 | D:6      | Found a deep blue altar of Sif Muna.
  6486 | D:5      | Found a stormy altar of Qazlal.
  6700 | D:6      | Killed a troll
  6700 | D:6      | Gained mutation: You have a pair of large horns on your head. [demonic ancestry]
  6700 | D:6      | Reached XP level 9. HP: 56/68 MP: 9/9
  6723 | D:6      | Reached skill level 5 in Armour
  7355 | D:7      | Reached ** piety under Okawaru
  7355 | D:7      | Reached skill level 8 in Long Blades
  7370 | D:7      | Found the +5 scythe "Finisher" {speed, Str+3}
  7727 | D:8      | Noticed Pikel
  7742 | D:8      | Killed Pikel
  7742 | D:8      | Reached *** piety under Okawaru
  7852 | D:8      | Reached XP level 10. HP: 76/76 MP: 10/10
  7915 | D:8      | Noticed a two-headed ogre
  7923 | D:8      | Killed a two-headed ogre
  7923 | D:8      | Reached skill level 1 in Stealth
  8240 | D:8      | Noticed Prince Ribbit
  8260 | D:8      | Killed Prince Ribbit
  8269 | D:8      | Noticed Maurice
  8280 | D:8      | Killed Maurice
  8280 | D:8      | Reached **** piety under Okawaru
  8325 | D:8      | Found a transporter.
  8329 | D:8      | Found a corrupted altar of Lugonu.
  8349 | D:8      | Noticed Erica
  8365 | D:8      | Killed Erica
  8454 | D:8      | Noticed a red ugly thing
  8471 | D:8      | Killed a red ugly thing
  8471 | D:8      | Reached skill level 9 in Long Blades
  8527 | D:8      | Killed an unseen horror
  8527 | D:8      | Reached ***** piety under Okawaru
  8545 | D:8      | Noticed a red ugly thing
  8546 | D:8      | Noticed a purple ugly thing
  8546 | D:8      | Noticed a red ugly thing
  8566 | D:8      | Killed a red ugly thing
  8566 | D:8      | Gained mutation: You sometimes gain power by taking damage. [demonic ancestry]
  8566 | D:8      | Reached XP level 11. HP: 28/83 MP: 9/11
  8574 | D:8      | Killed a brown ugly thing
  8578 | D:8      | HP: 3/83 [acid (7)]
  8582 | D:8      | Killed a brown ugly thing
  9005 | D:8      | Found a transporter.
  9030 | D:8      | Found a shattered altar of Ashenzari.
  9502 | D:9      | Noticed a two-headed ogre
  9511 | D:8      | Killed a two-headed ogre
  9683 | D:9      | Found an opulent altar of Gozag.
  9852 | D:9      | Found a runed door.
  9852 | D:9      | Noticed a five-headed hydra
  9852 | D:9      | Noticed a deep elf knight
  9852 | D:9      | Noticed a deep troll
  9854 | D:9      | Noticed a centaur warrior
  9854 | D:9      | Noticed a yaktaur captain
  9854 | D:9      | Noticed a fire dragon
  9895 | D:9      | Noticed Grum
  9905 | D:9      | Killed Grum
  9954 | D:9      | Found a hide-covered altar of Uskayaw.
 10071 | D:9      | Noticed a two-headed ogre
 10081 | D:9      | Killed a two-headed ogre
 10135 | D:9      | Got a steaming chain mail
 10141 | D:9      | Identified the +0 chain mail of the Original Sin {rPois Str+4} (You found it on level 9 of the Dungeon)
 10192 | D:9      | Found a staircase to the Orcish Mines.
 10551 | D:10     | Entered Level 10 of the Dungeon
 10580 | D:10     | Noticed a two-headed ogre
 10585 | D:10     | Killed a two-headed ogre
 10585 | D:10     | Reached skill level 10 in Long Blades
 10623 | D:10     | Noticed a two-headed ogre
 10632 | D:10     | Killed a two-headed ogre
 10632 | D:10     | Received a gift from Okawaru
 10635 | D:10     | Got a steaming double sword {god gift}
 10636 | D:10     | Identified the +5 double sword of the Madman {antimagic, +Inv rF+ Str+3 Dex+4} (Okawaru gifted it to you on level 10 of the Dungeon)
 10804 | D:10     | Noticed Fannar
 10823 | D:10     | Killed Fannar
 11443 | D:11     | Found a flagged portal.
 11460 | Bailey   | Entered a bailey
 11801 | Bailey   | Noticed an orc warlord
 11815 | Bailey   | Noticed an orc knight
 11822 | Bailey   | Killed an orc knight
 11831 | Bailey   | Gained mutation: You are surrounded by a mild repulsion field. (EV +2) [demonic ancestry]
 11831 | Bailey   | Reached XP level 12. HP: 59/92 MP: 1/12
 12132 | Bailey   | Killed an orc warlord
 12132 | Bailey   | Received a gift from Okawaru
 12289 | D:11     | Reached skill level 11 in Long Blades
 12331 | D:11     | Found a staircase to the Lair.
 12389 | D:11     | Reached skill level 10 in Shields
 12513 | D:11     | Noticed Snorg
 12522 | D:11     | Killed Snorg
 13081 | D:9      | Killed a six-headed hydra
 13087 | D:9      | Killed a centaur warrior
 13099 | D:9      | Killed a fire dragon
 13099 | D:9      | Killed from afar by a deep elf knight

Skill      XL: |  1  2  3  4  5  6  7  8  9 10 11 12 |
---------------+-------------------------------------+-----
Armour         | 3 4 5 7 8 9 |  9.1
Long Blades    | 2 3 4 5 7 8 9 10 11 | 11.5
Shields        | 3 4 5 7 8 9 10 | 10.4
Dodging        | 1 2 3 |  3.5
Fighting       | 4 5 6 8 |  8.9
Stealth        | 1 |  1.1
Invocations    | |  0.8

Action                   |  1- 3 |  4- 6 |  7- 9 | 10-12 || total
-------------------------+-------+-------+-------+-------++-------
Melee: Long sword        |   159 |   166 |   462 |    49 ||   836
       Headbutt          |       |    34 |   161 |   177 ||   372
       Scimitar          |       |       |       |   145 ||   145
       Double sword      |       |       |       |   277 ||   277
Invok: Heroism           |       |       |       |     4 ||     4
Evoke: Wand              |       |     1 |       |       ||     1
  Use: Scroll            |       |     3 |    11 |     9 ||    23
       Potion            |       |     1 |       |     8 ||     9
  Eat: Chunk             |       |     5 |    19 |    14 ||    38
       Ration            |       |       |       |     1 ||     1
Armor: Scale mail        |    82 |    84 |   158 |       ||   324
       Plate armour      |       |       |    91 |    89 ||   180
       Chain mail        |       |       |       |    78 ||    78
Dodge: Dodged            |    47 |    46 |   202 |   166 ||   461
Block: Shield            |    85 |    72 |   370 |   389 ||   916
       Rpst.: Long sword |    14 |    17 |    68 |     2 ||   101
       Scimitar          |       |       |       |    10 ||    10
       Double sword      |       |       |       |    28 ||    28
